 Dungeon Crawl Stone Soup version 0.30.2 (webtiles) character file.

Game seed: 17865881665325759864

43 zzuzz the Sneak (level 3, -5/14 HPs)
             Began as a Felid Air Elementalist on Dec 31, 2023.
             Slain by a worm (12 damage)
             ... on level 2 of the Dungeon on Feb 22, 2024.
             The game lasted 00:04:17 (2576 turns).

zzuzz the Sneak (Felid Air Elementalist)            Turns: 2576, Time: 00:04:17

Health: -5/14      AC:  1    Str:  4    XL:     3   Next: 37%
Magic:  1/7        EV: 18    Int: 18    God:
Gold:   104        SH:  0    Dex: 16    Spells: 5/6 levels left
                                        Lives:  0   Deaths: 0

rFire   + . .        (weapon unavailable)
rCold   . . .        (shield unavailable)
rNeg    . . .        (body armour unavailable)
rPois   .            (helmet unavailable)
rElec   .            (cloak unavailable)
rCorr   .            (gloves unavailable)
SInv    +            (boots unavailable)
Will    .....        (no amulet)
Stlth   ++           b - ring of protection from cold
HPRegen 0.22/turn    g - ring of fire
MPRegen 0.10/turn

%: no passive effects
@: quick
A: very small, claws 1, fangs 3, see invisible, speed 1, shaggy fur 1, stealthy
paws, no weapons or thrown items, no armour, multi-lived
a: no special abilities


You were on level 2 of the Dungeon.
You visited 1 branch of the dungeon, and saw 2 of its levels.

You collected 104 gold pieces.

Inventory:

Jewellery
 b - a ring of protection from cold (left paw)
 g - a ring of fire (right paw)
 l - a ring of magical power
Wands
 j - a wand of mindburst (6)
Scrolls
 h - a scroll of immolation {unknown}
 i - a scroll of magic mapping {unknown}
 k - a scroll of amnesia {unknown}
 m - a scroll of noise {unknown}
Potions
 a - a potion of magic
 c - a potion of curing {unknown}
 d - 3 potions of mutation {unknown}
 e - 2 potions of attraction {unknown}
 f - a potion of brilliance {unknown}


   Skills:
 + Level 3.2 Dodging
 + Level 3.4 Stealth
 + Level 2.4 Spellcasting
 + Level 1.4 Conjurations
 + Level 3.0 Air Magic


You had 5 spell levels left.
You knew the following spells:

 Your Spells              Type           Power      Damage    Failure   Level
a - Shock                 Conj/Air       40%        1d5       7%          1

Your spell library contained the following spells:

 Spells                   Type           Power      Damage    Failure   Level
 Static Discharge         Conj/Air       20%        2-3/arc   11%         2
 Swiftness                Air            13%        N/A       16%         3
 Sandblast                Erth           4%         2d4       17%         1
 Passwall                 Tmut/Erth      1%         N/A       26%         2
 Stone Arrow              Conj/Erth      8%         3d7       36%         3
 Airstrike                Air            6%         2d(1-17)  45%         4


Dungeon Overview and Level Annotations

Branches:
Dungeon (2/15)

Altars:


Innate Abilities, Weirdness & Mutations

You have sharp claws.
You have razor-sharp teeth.
You have supernaturally acute eyesight. (SInv)
You cover ground quickly. (Speed+)
You are covered in fur. (AC +1)
Your paws help you pounce on unaware monsters.
You are incapable of wielding weapons or throwing items.
You cannot wear armour.
You gain extra lives every three experience levels.


Message History

The worm is moderately wounded.
The zap misses the worm.
You are out of magic!
You are out of magic!
You are out of magic!
The worm bites you.
You scratch the worm but do no damage.
The worm is lightly wounded.
You scratch the worm.
The worm is moderately wounded.
The worm completely misses you.
You scratch the worm but do no damage.
The worm is moderately wounded.
The worm misses you.
You scratch the worm.
The worm is moderately wounded.
You barely miss the worm. You bite the worm, but do no damage.
The worm is moderately wounded.
The worm bites you.
You barely miss the worm.
The worm is lightly wounded.
You scratch the worm but do no damage. You bite the worm.
The worm is moderately wounded.
The worm bites you!
Ouch! That really hurt!
You scratch the worm. You bite the worm.
The worm is heavily wounded.
The worm completely misses you.
You scratch the worm.
The worm is heavily wounded.
You scratch the worm. You bite the worm.
The worm is severely wounded.
The worm closely misses you.
You scratch the worm.
The worm is severely wounded.
You barely miss the worm.
The worm is severely wounded.
The worm bites you!
Ouch! That really hurt!
You die...

#.#.#.#.#w#..## .#
#.#.#.#.#.....# ...
#.#.#.........# .....
#.#'###.###.#.#
#....#+###....##.#.....#
#.............##.#...#######
#........#....'.............
#........#....##w#.#########
#........#....##@#...
#........#.....#.#.###
#........#..............
#....#####.####.##.#####
+.†..'...#.# #>.....
#....###.#. ########
#..<.+.#.# #....#.#.#
####.#.#.#


You could see a worm.

Vanquished Creatures
  An adder (D:2)
  A dart slug (D:2)
  3 endoplasms (D:1)
  A giant cockroach (D:1)
  5 goblins (D:1)
  4 hobgoblins (D:1)
  2 kobolds (D:1)
  A quokka (D:1)
  5 ball pythons
  5 bats (D:1)
  2 frilled lizards (D:1)
  2 rats (D:1)
32 creatures vanquished.

Notes
Turn   | Place    | Note
-------+----------+-------------------------------------------
     0 | D:1      | zzuzz the Felid Air Elementalist began the quest for the
                  | Orb.
     0 | D:1      | Reached XP level 1. HP: 7/7 MP: 4/4
    14 | D:1      | Upgraded the game from 0.30.1-11-g7821555f0a to 0.30.2
   198 | D:1      | Reached skill level 1 in Conjurations
   590 | D:1      | Reached XP level 2. HP: 11/11 MP: 4/6
  1713 | D:1      | Reached XP level 3. HP: 14/14 MP: 1/7
  2576 | D:2      | Slain by a worm

Illustrated notes

Levels and vault maps discovered:
D:1:      dpeg_arrival_concentric_ovals, layout_basic
D:2:      layout_basic, chequers_mini_garden, minmay_misc_feat_doors

Skill      XL: |  1  2  3 |
---------------+----------+-----
Conjurations   | 1 |  1.4
Stealth        | 3 |  3.4
Dodging        | 3 |  3.2
Air Magic      | 3 |  3.0
Spellcasting   | |  2.4

Action                     || total
---------------------------++-------
  Melee: Unarmed           ||    12
         Bite              ||     4
   Cast: Shock             ||    83
  Dodge: Dodged            ||    22
